 Dungeon Crawl Stone Soup version 0.28-a0-465-ge2dae52223 (webtiles) character file.

Game seed: 9725548039605584290

63 nicanaca0 the Chucker (level 3, -5/33 HPs)
             Began as a Troll Hunter on Sept 14, 2021.
             Slain by an orc priest (7 damage)
             ... on level 3 of the Dungeon.
             The game lasted 00:02:21 (1589 turns).

nicanaca0 the Chucker (Troll Hunter)                Turns: 1589, Time: 00:02:22

Health: -5/33      AC:  4    Str: 20    XL:     3   Next: 89%
Magic:  2/2        EV:  9    Int:  7    God:
Gold:   111        SH:  0    Dex: 11    Spells: 2/2 levels left

rFire   . . .      SeeInvis +     - Unarmed
rCold   . . .      Faith    .   (no shield)
rNeg    . . .      Spirit   .   b - +0 robe
rPois   .          Reflect  .   (helmet restricted)
rElec   .          Harm     .   (no cloak)
rCorr   .          Rampage  .   (gloves unavailable)
Will    .....                   (boots unavailable)
Stlth   +.........              (no amulet)
HPRegen 1.11/turn               h - ring of see invisible
MPRegen 0.08/turn               (no ring)

@: no status effects
A: large, unfitting armour, claws 3, regeneration 1, shaggy fur 1, tough skin 1
a: no special abilities


You were on level 3 of the Dungeon.
You visited 1 branch of the dungeon, and saw 3 of its levels.

You collected 111 gold pieces.

Inventory:

Missiles
 c - 5 large rocks
 d - 2 throwing nets
 e - 93 stones (quivered)
 m - 15 poisoned darts
Armour
 b - a +0 robe (worn)
Jewellery
 h - a ring of see invisible (left claw)
Wands
 l - a wand of flame (14)
Scrolls
 a - 2 scrolls of vulnerability {unknown}
 g - 2 scrolls of teleportation {unknown}
 i - a scroll of magic mapping {unknown}
 j - 2 scrolls of noise {unknown}
 k - a scroll of identify {unknown}
Potions
 f - a potion of curing {unknown}


   Skills:
 - Level 1.5 Fighting
 + Level 4.1 Throwing
 - Level 1.5 Dodging
 - Level 0.3 Stealth
 * Level 2.9 Unarmed Combat


You had 2 spell levels left.
You didn't know any spells.
Your spell library was empty.

Dungeon Overview and Level Annotations

Branches:
Dungeon (3/15)

Altars:


Innate Abilities, Weirdness & Mutations

You are too large for most types of armour.
You have claws for hands.
Your natural rate of healing is unusually fast.
You are covered in fur. (AC +1)
You have tough skin. (AC +1)


Message History

You scratch the orc.
You kill the orc!
You see here a +0 hand axe.
A bat, 2 orcs and 2 orc priests come into view.
The orc shouts!
The orc priest shouts!
An orc comes into view. It is wielding a +0 hand axe.
You see here a stone.
A hobgoblin comes into view.
The hobgoblin shouts!
The bat barely misses you. The bat hits you but does no damage.
You closely miss the bat. The bat hits you. The orc barely misses you.
You scratch the orc priest.
The orc priest is moderately wounded.
The orc priest begins to cast a cantrip, but forgets the words!
The orc closely misses you.
You scratch the orc priest.
The orc priest is heavily wounded.
The bat closely misses you.
The orc priest hits you with a +0 flail.
The orc hits you but does no damage.
You scratch the orc priest.
The orc priest is severely wounded.
The orc priest hits you with a +0 dagger.
The orc priest mumbles some strange prayers to Beogh against you.
Beogh smites you! The orc hits you with a +0 whip.
You are too injured to fight recklessly!
You closely miss the orc priest.
The orc priest is severely wounded.
The orc priest hits you with a +0 dagger.
The orc priest mumbles some strange prayers to Beogh against you.
Beogh smites you!
* * * LOW HITPOINT WARNING * * *
You closely miss the orc priest.
The orc priest is severely wounded.
The orc hits you with a +0 whip.
* * * LOW HITPOINT WARNING * * *
The orc priest hits you with a +0 dagger.
* * * LOW HITPOINT WARNING * * *
The orc priest hits you with a +0 flail!
You die...

#.#.# ########.#.
#.#..... ..........
....... ########.#
#.....
########.#####.#....###
......................
########)#####<#bo..#
##..........# #oog.#
##..........####@oo(#
##...........).((####
##..........######
##..........#
########.#.## #.#.#
#.#.# #.#.# #.#.#


You could see 2 orc priests, 3 orcs, a hobgoblin and a bat.

Vanquished Creatures
  2 worms (D:2)
  2 dart slugs
  2 orcs (D:3)
  7 ball pythons
  5 endoplasms
  2 giant cockroaches
  5 hobgoblins
  3 quokkas
  9 bats
  A frilled lizard (D:2)
  3 goblins (D:1)
  4 kobolds (D:1)
  2 rats (D:1)
47 creatures vanquished.

Notes
Turn   | Place    | Note
-------+----------+-------------------------------------------
     0 | D:1      | nicanaca0 the Troll Hunter began the quest for the Orb.
     0 | D:1      | Reached XP level 1. HP: 19/19 MP: 0/0
   113 | D:1      | Reached skill level 1 in Unarmed Combat
   137 | D:1      | Reached XP level 2. HP: 27/27 MP: 1/1
   564 | D:1      | Reached XP level 3. HP: 33/33 MP: 2/2
   753 | D:2      | Reached skill level 4 in Throwing
  1589 | D:3      | Slain by an orc priest

Illustrated notes

Levels and vault maps discovered:
D:1:      scummos_arrival_checkerplants, layout_loops_ring
D:2:      layout_basic
D:3:      layout_basic, minmay_misc_feat_five, uniq_ijyb, uniq_terence

Skill      XL: |  1  2  3 |
---------------+----------+-----
Unarmed Combat | 1 2 |  2.9
Throwing       | 4 |  4.1
Fighting       | |  1.5
Dodging        | |  1.5
Stealth        | |  0.3

Action                   || total
-------------------------++-------
Melee: Unarmed           ||    99
       Punch             ||     2
Throw: Stone             ||    38
Armor: Robe              ||    32
Dodge: Dodged            ||    38

Table legend: (Time is in decaauts)
 A = Elapsed time spent in this place.
 B = Non-inter-level travel time spent in this place.
 C = Inter-level travel time spent in this place.
 D = Time resting spent in this place.
 E = Time spent auto-exploring this place.
 F = Levels seen in this place.
 G = Mean time per level.
                   A        B        C        D        E       F      G
               +--------+--------+--------+--------+--------+-----+--------+
         Total |   1580 |   1541 |     39 |      0 |   1268 |   3 |  526.7 |
       Dungeon |   1580 |   1541 |     39 |      0 |   1268 |   3 |  526.7 |
               +--------+--------+--------+--------+--------+-----+--------+

Top non-repeatable levels by time:
     D:2: 755 daAuts
     D:1: 692 daAuts
     D:3: 132 daAuts
